 Dungeon Crawl Stone Soup version 0.20-a0-971-g5896763 (webtiles) character file.

73 w00t the Cutter (level 4, -1/38 HPs)
             Began as a Bultungin Skald on Apr 8, 2017.
             Slain by a gnoll
             ... wielding a +0 halberd
              (11 damage)
             ... on level 3 of the Dungeon.
             The game lasted 00:01:59 (2433 turns).

w00t the Cutter (Bultungin Skald)                   Turns: 2433, Time: 00:01:59

Health: -1/38      AC:  6    Str: 14    XL:     4   Next: 27%
Magic:  8/8        EV:  5    Int: 13    God:
Gold:   133        SH:  0    Dex: 13    Spells: 8/9 levels left

rFire    . . .     SeeInvis +   a - +0 short sword
rCold    . . .     Gourm    .   (no shield)
rNeg     . . .     Faith    .   n - +0 scale mail
rPois    .         Spirit   .   (no helmet)
rElec    .         Reflect  +   (no cloak)
rCorr    +         Harm     .   (no gloves)
MR       .....                  (no boots)
Stlth    ..........             u - +4 amulet of reflection
Regen    0.2/turn               f - ring of resist corrosion
MPRegen  0.2/turn               q - +3 ring of strength

@: held
A: short attention span, fangs 1, see invisible, strong nose
a: no special abilities


You were on level 3 of the Dungeon.
You were not hungry.

You visited 1 branch of the dungeon, and saw 3 of its levels.

You collected 133 gold pieces.

Inventory:

Hand Weapons
 a - a +0 short sword (weapon)
Missiles
 b - 5 stones (quivered)
 p - 2 tomahawks of dispersal {=f}
 s - 6 tomahawks
Armour
 n - a +0 scale mail (worn)
Jewellery
 f - a ring of resist corrosion (left hand)
 q - a +3 ring of strength (right hand)
 u - a +4 amulet of reflection (around neck)
Scrolls
 i - a scroll of enchant weapon {unknown}
 m - a scroll of identify {unknown}
 o - a scroll of fear {unknown}
 r - a scroll of remove curse {unknown}
 v - a scroll of random uselessness {unknown}
 w - a scroll of amnesia {unknown}
 x - a scroll of teleportation {unknown}
Potions
 e - a potion of heal wounds {unknown}
 j - 2 potions of curing {unknown}
 k - a potion of lignification {unknown}
 l - a potion of flight {unknown}
Books
 c - a book of Battle

   Spells                             Type                      Level
   a - Infusion                       Charms                       1
   b - Shroud of Golubria             Charms/Translocation         2
   c - Song of Slaying                Charms                       2
   d - Spectral Weapon                Hexes/Charms                 3
   e - Regeneration                   Charms/Necromancy            3
Comestibles
 d - 2 bread rations
 g - 4 fruits
 h - a meat ration


   Skills:
 - Level 4.8 Fighting
 - Level 5.1 Short Blades
 * Level 1.5 Armour
 + Level 3.0 Dodging
 - Level 3.2 Spellcasting
 - Level 4.4 Charms


You had 8 spell levels left.
You knew the following spells:

 Your Spells              Type           Power        Failure   Level  Hunger
i - Infusion              Chrm           ##..         17%         1    #......


Dungeon Overview and Level Annotations

Branches:
Dungeon (3/15)

Altars:


Innate Abilities, Weirdness & Mutations

You have a short attention span.
You have very sharp teeth.
You have supernaturally acute eyesight. (SInv)
Your uncanny sense of smell can sniff out nearby items.


Message History

The gnoll is moderately wounded.
The gnoll closely misses you. The gnoll misses you.
You closely miss the gnoll. Your bite misses the gnoll.
The gnoll is moderately wounded.
The gnoll hits you but does no damage. You block the gnoll's attack.
The gnoll hits you from afar with a halberd.
* * * LOW HITPOINT WARNING * * *
You block the gnoll's attack.
All of the chunks of flesh in your inventory have rotted away.
The gnoll throws a throwing net.
The throwing net hits you.
You become entangled in the net!
You see here a throwing net {=f, !d}.
You struggle against the net.
The gnoll hits you from afar with a halberd.
* * * LOW HITPOINT WARNING * * *
The gnoll hits you from afar with a spear.
* * * LOW HITPOINT WARNING * * *
You tear a large gash into the net.
The gnoll hits you but does no damage.
The gnoll hits you from afar with a halberd!
You die...

#..).............##†.....#
#........................#
#..................#.......
#..................#.......
###................##.....#
#............g.(.# ......
#.........)ggg...# ######
#...............#####.. ∆
#...........@..........
#...............#.....
#.................#..
#..............)### ...
#............)..###....
####.###...............
#...##.#.#....###....
###...#......##)###....
##............##........


You could see 4 gnolls.

Vanquished Creatures
  2 adders (D:2)
  3 worms
  An orc (D:3)
  A ball python (D:3)
  6 bats
  2 giant cockroaches
  4 goblins
  9 hobgoblins
  3 jackals (D:2)
  7 kobolds
  2 frilled lizards (D:2)
  5 rats
45 creatures vanquished.

Notes
Turn   | Place    | Note
-------+----------+-------------------------------------------
     0 | D:1      | w00t the Bultungin Skald began the quest for the Orb.
     0 | D:1      | Reached XP level 1. HP: 18/18 MP: 4/4
   353 | D:1      | Reached XP level 2. HP: 21/24 MP: 6/6
   832 | D:2      | Reached skill level 4 in Short Blades
  1102 | D:2      | Reached XP level 3. HP: 22/30 MP: 7/7
  1988 | D:3      | Reached XP level 4. HP: 25/38 MP: 8/8
  2109 | D:3      | Reached skill level 5 in Short Blades
  2433 | D:3      | Slain by a gnoll

Vault maps used:
D:1:      lightli_arrival_chessboard
D:2:      minmay_surrounded
D:3:      nicolae_overflow_crystal_walls, old_standard_altar

Skill      XL: |  1  2  3  4 |
---------------+-------------+-----
Short Blades   | 4 5 |  5.1
Fighting       | 4 |  4.8
Armour         | |  1.5
Dodging        | |  3.0
Spellcasting   | |  3.2
Charms         | |  4.4

Action                   |  1- 3 |  4- 6 || total
-------------------------+-------+-------++-------
Melee: Short sword       |   105 |    64 ||   169
       Bite              |     7 |     5 ||    12
Throw: Stone             |    69 |    26 ||    95
 Cast: Infusion          |     1 |       ||     1
  Eat: Chunk             |     3 |     2 ||     5
Armor: Scale mail        |    33 |    33 ||    66
       Leather armour    |     5 |       ||     5
Dodge: Dodged            |    41 |    44 ||    85
Block: Other             |       |     8 ||     8
